Map: Coda EC

Players

HeLeX - Winner!

  • Race: Zerg Zerg
  • League: Grandmaster

AgCl

  • Race: Protoss Protoss
  • League: Grandmaster

VOD

Have the link to the VOD?

Description

Time

  • Played on: May 29, 2015, 10:59 p.m.
  • Length: 13:03
Show
View Real Time Build Order
Export as new Build Order

HeLeX Zerg - Winner!

Build Orders: Pool First 

Get SALT Encoding   

  12  0:01  Drone  
  13  0:11  Extractor  
  12  0:16  Overlord  
  12  0:20  Drone  
  13  0:25  Drone  
  14  0:34  Drone  
  15  0:38  Drone  
  16  0:56  Spawning Pool  
  15  0:57  Drone  
  15  1:03  Drone  
  17  1:13  Drone  
  18  1:33  Hatchery  
  18  1:37  Drone  
  18  1:43  Metabolic Boost  
  18  1:48  Overlord  
  18  1:52  Drone  
  19  2:01  Queen  
  21  2:08  Zergling x2  
  21  2:10  Zergling x2  
  21  2:15  Zergling x2  
  24  2:25  Zergling x2  
  25  2:38  Overlord  
  25  2:40  Queen  
  27  2:48  Drone x2  
  29  2:57  Queen  
  31  3:00  Drone x2  
  33  3:17  Drone x3  
  33  3:18  Drone x4  
  38  3:39  Spore Crawler  
  38  3:40  Spore Crawler  
  35  3:45  Drone x5  
  35  3:46  Drone x2  
  41  3:53  Lair, Extractor  
  40  3:58  Overlord  
  40  4:05  Drone x3  
  43  4:17  Spine Crawler  
  43  4:18  Drone x2  
  43  4:19  Drone x3  
  43  4:21  Extractor  
  46  4:25  Zergling x2  
  46  4:26  Zergling x4  
  49  4:36  Overlord x2  
  49  4:37  Extractor  
  49  4:38  Zergling x2  
  49  4:44  Overlord  
  49  4:56  Hydralisk Den  
  49  4:58  Drone  
  49  4:59  Drone  
  50  5:00  Roach Warren  
  50  5:01  Overseer  
  50  5:02  Evolution Chamber  
  50  5:05  Evolution Chamber  
  47  5:10  Drone x5  
  52  5:24  Drone x3, Spire  
  54  5:32  Overlord  
  54  5:50  Muscular Augments  
  54  5:55  Hatchery  
  53  6:00  Hydralisk x4  
  53  6:01  Hydralisk  
  63  6:06  Zerg Missile Weapons Level 1  
  63  6:12  Queen  
  63  6:15  Zerg Ground Armor Level 1  
  65  6:32  Overlord  
  65  6:33  Overlord, Glial Reconstitution  
  65  6:37  Zerg Flyer Weapons Level 1  
  65  6:41  Corruptor  
  67  6:47  Overlord, Pneumatized Carapace  
  67  6:54  Corruptor  
  67  6:55  Corruptor x2  
  73  7:03  Roach  
  73  7:04  Roach x2  
  73  7:06  Overseer  
  79  7:10  Drone x3  
  79  7:11  Drone  
  83  7:24  Drone x3  
  83  7:25  Drone x5  
  83  7:26  Drone  
  92  7:50  Overlord x3  
  92  7:54  Extractor  
  92  7:56  Spore Crawler, Drone x2, Extractor  
  92  7:57  Drone x4, Overlord x2  
  95  8:02  Zerg Missile Weapons Level 2  
  95  8:16  Zerg Ground Armor Level 2  
  95  8:19  Drone x3  
  99  8:20  Drone  
  99  8:26  Hatchery  
  97  8:37  Drone x6  
  97  8:40  Corruptor x3  
  108  8:52  Spine Crawler  
  108  8:53  Overseer  
  107  8:56  Hydralisk x3  
  107  8:57  Hydralisk x3  
  119  9:03  Infestation Pit  
  119  9:05  Zerg Flyer Armor Level 1  
  118  9:27  Hydralisk x3  
  118  9:28  Hydralisk x6  
  100  10:38  Hydralisk  
  100  10:39  Hydralisk x8  
  112  10:48  Hydralisk  
  112  10:49  Overlord x4  
  112  10:56  Overlord x5  
  112  11:08  Corruptor x6  
  112  11:09  Corruptor x5  
  134  11:16  Corruptor x2  
  138  11:30  Drone x4  
  127  11:50  Hydralisk x3  
  127  11:51  Hydralisk x5  
  143  11:56  Queen  
  143  11:58  Extractor  
  144  12:09  Zergling x16  
  144  12:10  Zergling x16  
  156  12:18  Overlord x3  
  150  12:38  Hydralisk x7  
  150  12:39  Hydralisk x3  
Show
View Real Time Build Order
Export as new Build Order

AgCl Protoss 

Build Orders:  

Get SALT Encoding   

  13  0:21  Probe, Pylon  
  13  0:26  Assimilator  
  13  0:33  Probe  
  14  0:45  Probe (Chrono Boost)  
  15  0:51  Gateway  
  15  0:56  Probe (Chrono Boost)  
  16  1:02  Probe (Chrono Boost)  
  17  1:14  Probe (Chrono Boost)  
  18  1:24  Probe (Chrono Boost)  
  19  1:31  Probe  
  20  1:36  Pylon  
  20  1:39  Cybernetics Core  
  20  1:43  Probe  
  21  1:55  Probe  
  22  2:08  Probe  
  23  2:10  Assimilator  
  23  2:21  Nexus  
  23  2:25  Probe (Chrono Boost), Stargate  
  25  2:37  Probe (Chrono Boost)  
  26  2:44  Probe (Chrono Boost)  
  26  2:49  Adept (Chrono Boost)  
  28  2:54  Mothership Core (Chrono Boost)  
  30  3:00  Warp Gate  
  30  3:15  Pylon  
  28  3:32  Probe, Pylon  
  31  3:36  Pylon  
  28  3:45  Probe  
  28  3:48  Probe  
  25  3:50  Adept  
  27  3:59  Gateway  
  27  4:04  Probe (Chrono Boost)  
  27  4:05  Probe (Chrono Boost)  
  27  4:08  Assimilator  
  29  4:14  Probe (Chrono Boost)  
  29  4:16  Probe (Chrono Boost)  
  31  4:20  Assimilator  
  31  4:21  Probe  
  31  4:22  Probe  
  33  4:29  Void Ray (Chrono Boost)  
  37  4:31  Probe  
  37  4:34  Probe  
  39  4:45  Probe (Chrono Boost)  
  40  4:46  Probe (Chrono Boost)  
  41  4:52  Pylon  
  41  4:56  Probe (Chrono Boost)  
  41  4:58  Probe (Chrono Boost)  
  43  5:04  Probe (Chrono Boost)  
  45  5:07  Probe (Chrono Boost)  
  46  5:16  Probe  
  46  5:20  Fleet Beacon  
  47  5:21  Probe (Chrono Boost)  
  47  5:28  Probe (Chrono Boost)  
  49  5:39  Probe x2 (Chrono Boost)  
  49  5:41  Carrier (Chrono Boost)  
  50  5:46  Probe (Chrono Boost)  
  50  5:48  Probe (Chrono Boost)  
  50  5:49  Pylon  
  52  5:58  Probe (Chrono Boost)  
  52  6:00  Probe (Chrono Boost)  
  59  6:04  Graviton Catapult  
  59  6:07  Probe (Chrono Boost), Stargate  
  59  6:09  Pylon  
  59  6:10  Probe (Chrono Boost)  
  61  6:14  Probe  
  62  6:20  Probe, Pylon  
  63  6:26  Probe  
  63  6:32  Probe  
  65  6:36  Protoss Air Weapons Level 1 (Chrono Boost)  
  65  6:38  Probe, Carrier (Chrono Boost)  
  66  6:44  Pylon  
  72  6:58  Nexus  
  72  7:02  Pylon  
  72  7:06  Carrier (Chrono Boost)  
  72  7:11  Probe  
  79  7:29  Carrier (Chrono Boost)  
  79  7:31  Probe  
  79  7:33  Assimilator  
  79  7:35  Adept x2, Pylon  
  87  7:53  Gateway x3  
  87  7:56  Pylon  
  87  7:57  Adept  
  87  7:58  Adept  
  91  8:10  Nexus  
  91  8:12  Assimilator  
  91  8:16  Assimilator  
  91  8:19  Carrier (Chrono Boost)  
  91  8:23  Adept  
  91  8:34  Carrier (Chrono Boost)  
  91  8:39  Twilight Council  
  95  8:50  Pylon  
  95  8:52  Protoss Air Weapons Level 2  
  101  8:57  Forge  
  101  9:03  Pylon  
  101  9:28  Probe (Chrono Boost)  
  104  9:31  Probe x2 (Chrono Boost)  
  104  9:32  Photon Cannon  
  104  9:34  Gateway  
  104  9:35  Gateway  
  104  9:36  Probe (Chrono Boost)  
  106  9:38  Probe (Chrono Boost)  
  96  9:54  Adept  
  98  10:03  Adept  
  98  10:04  Adept x3  
  92  10:16  Adept  
  92  10:19  Void Ray (Chrono Boost)  
  90  10:32  Adept  
  90  10:33  Adept x3  
  90  10:35  Carrier x2 (Chrono Boost)  
  100  11:01  Adept x2  
  100  11:02  Adept x3  
  100  11:03  Protoss Ground Weapons Level 1  
  96  11:47  Shield Upgrade  
  96  11:58  Stalker x3  
  96  11:59  Stalker x2  
Tags
 
Add a new tag
Caveats
  • Supply blocks, unpowered buildings, or Contaminate may cause inaccurate times.
  • Supply counts are checked every 10 seconds.